Match 46211097
Unlisted

Match 46211097
End
Vickers Machine Gun Team
Construct Section Command Post
Infantry Section
Infantry Section
Infantry Section
Infantry Section
Construct Field Infirmary
Construct Platoon Command Post
Infantry Section
Construct Company Command Post
Selects Heavy Armor Battlegroup
Selects Light Vehicle Withdraw and Refit
Selects Radio Net
Selects Recon Artillery
Matilda II Heavy Tank
Construct Section Command Post
Matilda II Heavy Tank
Royal Engineer Section
Recon Artillery
Unlock M3 Grant Medium Tanks
Selects Rigorous Vehicle Training
Selects Forward Repair Assembly
M3 Grant Medium Tank
Crusader II Medium Tank
Recon Artillery
M3 Grant Medium Tank
Foot Guards Section
Recon Artillery
Selects Churchill Black Prince Heavy Tank
6-pounder Anti-tank Gun Team
6-pounder Anti-tank Gun Team
Churchill Black Prince Heavy Tank
Recon Artillery
Matilda II Heavy Tank
6-pounder Anti-tank Gun Team
Infantry Section
Infantry Section
Senhor Testiculo
MOTA
ARRchi
ProudKraut
MrSnooze
Blackmilk
0
0

Comments sign in to comment!

No comments posted yet!